 Dungeon Crawl Stone Soup version 0.31.0-4-g52a2dc7128 (webtiles) character file.

Game seed: 10075893741089031674

80 Fodor the Covered (level 4, -8/40 HPs)
             Began as a Minotaur Fighter on Jan 22, 2024.
             Killed by nerve-wracking pain
             ... invoked by an orc priest
              (13 damage)
             ... on level 3 of the Dungeon.
             The game lasted 00:08:44 (1629 turns).

Fodor the Covered (Minotaur Fighter)                Turns: 1629, Time: 00:08:45

Health: -8/40      AC: 12    Str: 22    XL:     4   Next: 18%
Magic:  3/3        EV:  8    Int:  5    God:
Gold:   143        SH:  9    Dex: 10    Spells: 3/3 levels left

rFire   + . .        a - +0 war axe
rCold   . . .        c - +0 buckler
rNeg    . . .        b - +0 chain mail
rPois   .            (helmet restricted)
rElec   .            n - +2 cloak
rCorr   .            (no gloves)
SInv    .            (no boots)
Will    .....        m - amulet of reflection Stlth
                     q - ring of protection from fire
HPRegen 0.26/turn    (no ring)
MPRegen 0.08/turn

%: reflection
@: no status effects
A: horns 2, retaliatory headbutt
a: no special abilities


You were on level 3 of the Dungeon.
You visited 1 branch of the dungeon, and saw 3 of its levels.

You collected 143 gold pieces.

Inventory:

Hand Weapons
 a - a +0 war axe (weapon)
Armour
 b - a +0 chain mail (worn)
 c - a +0 buckler (worn)
 n - a +2 cloak (worn)
Jewellery
 m - an amulet of reflection (around neck)
 q - a ring of protection from fire (left hand)
Talismans
 o - a dragon-blood talisman
 p - a maw talisman
Scrolls
 e - 2 scrolls of blinking {unknown}
 g - 4 scrolls of identify {unknown}
 j - a scroll of vulnerability {unknown}
 k - a scroll of teleportation {unknown}
 r - a scroll of acquirement {unknown}
 s - a scroll of amnesia {unknown}
Potions
 d - a potion of might
 f - a potion of lignification {unknown}
 h - a potion of haste {unknown}
 i - 2 potions of curing {unknown}
 l - a potion of magic {unknown}


   Skills:
 + Level 4.1 Fighting
 + Level 3.5 Axes
 + Level 4.3 Armour
 + Level 1.3 Dodging
 + Level 4.1 Shields


You had 3 spell levels left.
You didn't know any spells.
Your spell library contained the following spells:

 Spells                   Type           Power      Damage    Failure   Level
 Kiss of Death            Conj/Necr      0%         2d5       99%         1
 Confusing Touch          Hex            0%         N/A       100%        3
 Gell's Gravitas          Tloc           0%         N/A       100%        3
 Teleport Other           Tloc           0%         N/A       100%        3
 Dispel Undead            Necr           0%         3d6       100%        4
 Dispersal                Tloc           0%         N/A       100%        6


Dungeon Overview and Level Annotations

Branches:
Dungeon (3/15)

Altars:

Annotations:
D:3 2 runed translucent doors


Innate Abilities, Weirdness & Mutations

You have a pair of horns on your head.
You reflexively headbutt those who attack you in melee.


Message History

You kill the goblin!
Things that are here:
a +0 dagger; a goblin corpse You open the large door.
You now have 131 gold pieces (gained 11).
There is an open door here.
You now have 143 gold pieces (gained 12).
Found a robe.
As you open the door, it creaks loudly! 2 orc priests, 4 orcs and an orc wizard come into view.
The orc shouts!
The orc priest shouts!
The orc shouts! x3
The orc wizard casts a spell at you. You resist with some effort.
You slash the orc!
You kill the orc!
The orc priest invokes the aid of Beogh against you.
Beogh smites you!
There is an open door here.
Things that are here:
a +0 whip; an orc corpse The orc wizard points at you and mumbles some strange words.
You are confused.
You bump into the rock wall.
You're too confused to move!
You feel less confused. You block the orc priest's attack.
The orc priest mumbles some strange prayers to Beogh against you.
Beogh smites you! You block the orc priest's attack.
The orc priest invokes the aid of Beogh against you.
Beogh smites you!
* * * LOW HITPOINT WARNING * * *
You barely miss the orc priest. You headbutt the orc priest.
The orc priest is lightly wounded.
The orc priest hits you but does no damage.
You barely miss the orc priest. You headbutt the orc priest.
The orc priest is moderately wounded.
The orc priest invokes the aid of Beogh against you.
Pain shoots through your body!
You die...

### #[# ###########.#
#...........#
#.#########.# #.# #.#
####### #.# #.# #......
#@# #.# #....o. #o# #.#
#.....o##o#########.####
+.....o).o...........[>###
#.....o#########..........
####### #........##
#........# #.....)..#
#####.#'##


You could see 2 orc priests and an orc.

Vanquished Creatures
  2 adders
  2 dart slugs
  An orc (D:3)
  9 ball pythons
  2 bats
  6 endoplasms
  A giant cockroach (D:1)
  3 hobgoblins
  7 jackals
  A quokka (D:1)
  2 frilled lizards (D:2)
  5 goblins
  9 kobolds
  2 rats (D:1)
52 creatures vanquished.

Notes
Turn   | Place    | Note
-------+----------+-------------------------------------------
     0 | D:1      | Fodor the Minotaur Fighter began the quest for the Orb.
     0 | D:1      | Reached XP level 1. HP: 19/19 MP: 0/0
   146 | D:1      | Reached XP level 2. HP: 25/27 MP: 1/1
   379 | D:1      | Reached XP level 3. HP: 28/33 MP: 2/2
  1210 | D:2      | Reached skill level 1 in Dodging
  1550 | D:3      | Reached XP level 4. HP: 40/40 MP: 3/3
  1551 | D:3      | Found a large runed translucent door.
  1552 | D:3      | Found a large runed translucent door.
  1629 | D:3      | Killed from afar by an orc priest

Illustrated notes

Levels and vault maps discovered:
D:1:      denvon_arrival_planthouse, layout_rooms, st_stairs_8,
          nicolae_twisty_statue_hallways
D:2:      layout_basic, kennysheep_potato
D:3:      due_chaos_kobolds, layout_basic, serial_bayou_lagoon_a, uniq_robin,
          uniq_ijyb

Skill      XL: |  1  2  3 |
---------------+----------+-----
Armour         | 4 |  4.3
Shields        | 4 |  4.1
Fighting       | 4 |  4.1
Axes           | 3 |  3.5
Dodging        | 1 |  1.3

Action                     |  1- 3 |  4- 6 || total
---------------------------+-------+-------++-------
  Melee: War axe           |   119 |     4 ||   123
         Headbutt          |     9 |     2 ||    11
 Armour: Scale mail        |    58 |       ||    58
         Chain mail        |    36 |     1 ||    37
  Dodge: Dodged            |    57 |       ||    57
  Block: Buckler           |    49 |     4 ||    53
         Reflection        |     1 |       ||     1
